AoeStats
← Squirtle

Oasis

508804335Analyzed
2v2 RM · 6d ago on Sep 24, 2026· 62m 44s· 4 players
Game mode
Random Map
Map size
Medium (4 player)
Population
200
Speed
Normal
Resources
Standard
Victory
Conquest
Starting age
Dark Age
Ending age
Imperial Age
RankedLock teamsTeams togetherTeam positionsShared explorationLock speedFull tech treeHidden civsTurbo modeCheats
Victory
Defeat
🇺🇸 Persians · United States
1312
+10
🇲🇽 Mongols · Mexico
1224
+14
🇨🇱 Mongols · Chile
1181
-12
🇲🇽 Italians · Mexico
1174
-12
CastleLake
4:24 Loom
7:02 Loom
9:01 Feudal Age
9:56 Double-Bit Axe
15:30 Horse Collar
16:49 Wheelbarrow
20:30 Castle Age
18:52 Gold Mining
19:42 Bloodlines
20:10 Scale Barding Armor
21:18 Bow Saw
21:40 Husbandry
26:43 Town Watch
27:55 Gold Shaft Mining
27:31 Forging
27:45 Chain Barding Armor
34:00 Imperial Age
31:04 Light Cavalry
32:08 Hand Cart
33:15 Forging
33:33 Stone Mining
34:42 Iron Casting
33:46 Heavy Camel Rider
35:07 Plate Barding Armor
35:35 Stone Shaft Mining
36:39 Chemistry
36:55 Masonry
37:16 Elite Skirmisher
37:51 Fletching
39:04 Blast Furnace
38:56 Padded Archer Armor
38:46 Fletching
39:26 Conscription
41:04 Leather Archer Armor
41:12 Bodkin Arrow
41:35 Heavy Plow
42:59 Ballistics
45:28 Cavalier
47:10 Sappers
47:56 Hussar
51:02 Savar
neto_leo15
0:28 Loom
12:39 Feudal Age
13:09 Double-Bit Axe
13:55 Horse Collar
17:40 Gold Mining
21:55 Town Watch
24:11 Castle Age
22:05 Man-at-Arms
22:33 Arson
23:02 Forging
22:52 Scale Mail Armor
23:59 Wheelbarrow
25:19 Long Swordsman
26:03 Squires
29:11 Heavy Plow
35:11 Bow Saw
39:27 Gold Shaft Mining
38:54 Stone Mining
39:43 Iron Casting
39:23 Chain Mail Armor
41:16 Hand Cart
45:04 Stone Shaft Mining
47:35 Fletching
48:27 Ballistics
51:51 Imperial Age
51:04 Nomads
51:37 Scale Barding Armor
52:00 Husbandry
52:19 Bloodlines
51:57 Elite Steppe Lancer
53:44 Blast Furnace
53:04 Chain Barding Armor
57:15 Capped Ram
57:47 Light Cavalry
58:10 Siege Ram
€njøy™
5:02 Loom
10:13 Feudal Age
10:39 Double-Bit Axe
17:38 Castle Age
15:37 Horse Collar
15:53 Gold Mining
16:22 Stone Mining
16:58 Fletching
20:11 Wheelbarrow
26:17 Bodkin Arrow
27:46 Padded Archer Armor
31:25 Imperial Age
30:12 Hand Cart
35:00 Capped Ram
40:39 Forging
40:35 Scale Barding Armor
40:54 Light Cavalry
42:38 Light Cavalry
43:53 Light Cavalry
46:25 Iron Casting
45:55 Scale Barding Armor
46:39 Bloodlines
46:05 Hussar
47:07 Heavy Plow
50:36 Blast Furnace
49:57 Chain Barding Armor
51:32 Bracer
52:00 Husbandry
52:49 Leather Archer Armor
52:37 Elite Genoese Crossbowman
59:01 Ring Archer Armor
61:48 Ballistics
Squirtle
6:00 Loom
8:56 Feudal Age
18:59 Castle Age
17:14 Double-Bit Axe
17:20 Horse Collar
18:19 Town Watch
20:49 Fletching
26:36 Forging
27:19 Heavy Plow
28:24 Scale Barding Armor
29:13 Bloodlines
30:30 Chain Barding Armor
31:03 Husbandry
33:34 Bodkin Arrow
35:09 Iron Casting
35:01 Padded Archer Armor
35:56 Wheelbarrow
36:58 Leather Archer Armor
38:07 Ballistics
41:54 Imperial Age
42:38 Bracer
43:40 Chemistry
44:22 Conscription
43:26 Elite Mangudai
51:55 Conscription
51:19 Light Cavalry
Connection lost

Rejoining the realm…

Still unreachable

The connection could not be restored.

Session expired

The server has moved on; the page needs a fresh start.